 Dungeon Sprint DCSS version 0.27-a0-1188-g73eefd5def (webtiles) character file.

Game seed: 4084880826421245560

459 JuniperTheExplorer the Reanimator (level 6, -7/34 HPs)
             Began as a Vampire Necromancer on May 20, 2021.
             Mangled by a tarantella (11 damage)
             ... in the Dungeon (Sprint V: "Ziggurat Sprint") on May 21, 2021.
             The game lasted 00:27:58 (286 turns).

JuniperTheExplorer the Reanimator (VpNe)             Turns: 286, Time: 00:27:59

Health: -7/34      AC: 15    Str: 19    XL:     6   Next: 78%
Magic:  11/11      EV:  1    Int: 18    God:
Gold:   0          SH:  0    Dex: 16    Spells: 11/12 levels left

rFire    . . .     SeeInvis +   w - +0 spear (vamp)
rCold    + + .     Faith    .   E - +18 shield of the Gong {rElec rN+ Will+ EV-5}
rNeg     + + +     Spirit   .   l - +5 shadow dragon scales
rPois    ∞         Reflect  .   (no helmet)
rElec    +         Harm     .   (no cloak)
rCorr    .         Rampage  .   (no gloves)
Will     +....     NoTele   +   (no boots)
Stlth    ++++......             u - amulet of the acrobat
HPRegen  0.00/turn              B - +6 ring of strength
MPRegen  0.12/turn              C - +6 ring of strength

@: confused, bloodless
A: bloodless, fangs 3, see invisible, vampiric 2
a: Bat Form, Revivify


You were in the Dungeon.
You visited 1 branch

Inventory:

Hand Weapons
 t - a +5 demon trident
 w - a +0 vampiric spear (weapon)
 G - the +8 lance "Wyrmbane" {slay drac, rPois rF+ rC+ AC+3}
   (You found it in the Dungeon)

   It affects your AC (+3).
   It protects you from fire.
   It protects you from cold.
   It protects you from poison.
Armour
 l - +5 shadow dragon scales (worn)
 E - the +18 shield of the Gong (worn) {rElec rN+ Will+ EV-5}
   (You found it in the Dungeon)

   It affects your evasion (-5).
   It insulates you from electricity.
   It protects you from negative energy.
   It increases your willpower.
Jewellery
 u - an amulet of the acrobat (around neck)
 B - a +6 ring of strength (left hand)
 C - a +6 ring of strength (right hand)
Wands
 q - a wand of mindburst (6)
 r - a wand of iceblast (5)
 s - a wand of acid (6)
Scrolls
 a - 4 scrolls of amnesia
 b - 7 scrolls of fog
 g - 4 scrolls of blinking
 h - 5 scrolls of identify
 i - 2 scrolls of fear
Potions
 c - 10 potions of curing
 d - 10 potions of heal wounds
 e - 6 potions of haste
 f - 7 potions of magic
 j - 2 potions of brilliance
 k - 2 potions of invisibility
 n - 4 potions of resistance
 p - 5 potions of might
Miscellaneous
 m - a box of beasts (inert) (quivered)
 v - a lightning rod (4/4)


   Skills:
 + Level 1.0 Fighting
 + Level 7.2 Polearms
 + Level 4.5 Dodging
 + Level 5.6 Stealth
 + Level 1.0 Shields
 + Level 3.7 Spellcasting
 + Level 12.2 Necromancy
 + Level 1.8 Evocations


You had 11 spell levels left.
You knew the following spells:

 Your Spells              Type           Power      Damage    Failure   Level
a - Pain                  Necr           100%       1d9       9%          1

Your spell library contained the following spells:

 Spells                   Type           Power      Damage    Failure   Level
 Animate Skeleton         Necr           94%        N/A       9%          1
 Vampiric Draining        Necr           23%        2d9       26%         3
 Animate Dead             Necr           23%        N/A       65%         4
 Agony                    Necr           47%        N/A       94%         5
 Apportation              Tloc           6%         N/A       100%        1
 Corona                   Hex            3%         N/A       100%        1
 Magic Dart               Conj           12%        1d3       100%        1
 Shock                    Conj/Air       12%        1d3       100%        1
 Summon Small Mammal      Summ           12%        N/A       100%        1
 Call Imp                 Summ           3%         N/A       100%        2
 Slow                     Hex            3%         N/A       100%        2
 Inner Flame              Hex/Fire       3%         N/A       100%        3
 Lesser Beckoning         Tloc           1%         N/A       100%        3
 Portal Projectile        Hex/Tloc       6%         N/A       100%        3
 Cause Fear               Hex            1%         N/A       100%        4
 Fulminant Prism          Conj/Hex       1%         3d6       100%        4
 Leda's Liquefaction      Hex/Erth       1%         N/A       100%        4
 Conjure Ball Lightning   Conj/Air       1%         3x3d6     100%        6
 Dispersal                Tloc           1%         N/A       100%        6
 Malign Gateway           Summ/Tloc      1%         N/A       100%        7
 Ignition                 Fire           1%         3d3       100%        8


Dungeon Overview and Level Annotations

Branches:
Dungeon (1/1)

Altars:
Ashenzari
Cheibriados
Dithmenos
Elyvilon
Fedhas
Gozag
Hepliaklqana
Kikubaaqudgha
Makhleb
Nemelex Xobeh
Okawaru
Qazlal
Ru
Sif Muna
Trog
Uskayaw
Vehumet
Wu Jian
Xom
Yredelemnul
Zin
The Shining One
Beogh
Jiyva
Lugonu

Annotations:
D 1 transporter


Innate Abilities, Weirdness & Mutations

You do not regenerate when monsters are visible.
You are frail without blood (-20% HP).
You can heal yourself when you bite living creatures.
You are immune to poison.
You have razor-sharp teeth.
You have supernaturally acute eyesight. (SInv)
You are afflicted with vampirism and can become a bat while bloodless.


Message History

The tarantella bites you. You block the tarantella's attack.
PANG!
The jumping spider completely misses your larval shockox beast.
The jumping spider bites your larval shockox beast but does no damage.
You block the scorpion's attack.
GONNNNG!
You hit the scorpion.
You feel better.
The scorpion is moderately wounded.
You block the tarantella's attack.
PANG!
You block the tarantella's attack.
GONNNNG!
The jumping spider pounces on your larval shockox beast!!
Your larval shockox beast dies!
Your larval shockox beast's corpse disappears in a puff of smoke!
You block the scorpion's attack.
GONNNNG!
The tarantella bites you.
You closely miss the tarantella. The tarantella bites you.
You are confused.
The jumping spider leaps!
The scorpion stings you but does no damage.
The tarantella bites you!
You are more confused.
The tarantella bites you but does no damage.
The jumping spider leaps!
You are too confused!
The tarantella bites you.
You are more confused.
The jumping spider leaps!
The tarantella completely misses you. The scorpion closely misses you.
The tarantella barely misses you. The tarantella closely misses you.
The jumping spider pounces on you!
* * * LOW HITPOINT WARNING * * *
The jumping spider barely misses you.
The jumping spider leaps!
You are too confused!
You're too confused to move!
The scorpion stings you.
* * * LOW HITPOINT WARNING * * *
The tarantella bites you but does no damage.
The tarantella bites you!
You die...

▓..©..▓..©..▓▓▓▓▓▓▓
▓▓▓▓▓▓▓▓▓▓▓▓▓▓▓▓▓▓▓
▓..8©8...▓..8©8s..▓
▓...|....▓..)||...▓
▓........▓..|.=...▓
▓........▓........▓
▓........▓........▓
▓........▓sss.....▓
▓...©....▓.@s©.○..▓
▓▓▓▓▓▓▓▓▓▓▓▓▓▓▓▓▓▓▓


You could see 2 jumping spiders, 2 tarantellas and a scorpion.

Vanquished Creatures
  A yak (D)
  A golden eye (D)
  2 crimson imps (D)
  A jelly (D)
  An adder (D)
  A river rat (D)
  An endoplasm (D)
  A ball python (D)
9 creatures vanquished.

Vanquished Creatures (collateral kills)
  A bullfrog (D)
  A river rat (D)
  2 ball pythons (D)
4 creatures vanquished.

Grand Total: 13 creatures vanquished

Notes
Turn   | Place    | Note
-------+----------+-------------------------------------------
     0 | D        | JuniperTheExplorer the Vampire Necromancer began the quest
                  | for the Orb.
     0 | D        | Reached XP level 1. HP: 13/13 MP: 3/3
     5 | D        | Found a blossoming altar of Fedhas.
     6 | D        | Found the +6 Majin-Bo {vamp, MP+6 Int+6}
     6 | D        | Found the +9 heavy crossbow "Sniper" {vorpal, Acc+∞ SInv}
     6 | D        | Found the +10 dark maul {vorpal}
     6 | D        | Found the +15 Maxwell's patent armour {-Cast -Tele rElec
                  | Will+ rCorr}
     6 | D        | Found the +18 shield of the Gong {rElec rN+ Will+ EV-5}
     6 | D        | Found the +14 obsidian axe {vorpal, Drain Fly SInv}
     6 | D        | Found the +7 great mace "Firestarter" {inner flame, rF++}
     6 | D        | Found the +6 shillelagh "Devastator" {shatter}
     6 | D        | Found the +11 plutonium sword {Contam Stlth-}
     6 | D        | Found the +8 lance "Wyrmbane" {slay drac, rPois rF+ rC+
                  | AC+3}
     6 | D        | Found the +9 sword of Zonguldrok {reap}
     6 | D        | Found the +13 scythe of Curses {drain, Drain}
     6 | D        | Found the +5 sword of Power {vorpal}
     6 | D        | Found the +7 mace of Variability {chain chaos}
     6 | D        | Found the +7 Singing Sword {vorpal, sonic wave}
     6 | D        | Found the +8 storm bow {elec, penet}
     7 | D        | Found a viscous altar of Jiyva.
     7 | D        | Found a hazy altar of Hepliaklqana.
     7 | D        | Found a transporter.
     7 | D        | Found an opulent altar of Gozag.
     7 | D        | Found an ancient bone altar of Kikubaaqudgha.
     7 | D        | Found a corrupted altar of Lugonu.
    70 | D        | Found a burning altar of Makhleb.
    71 | D        | Found an iron altar of Okawaru.
    71 | D        | Found a sparkling altar of Nemelex Xobeh.
    71 | D        | Found a stormy altar of Qazlal.
    71 | D        | Found a sacrificial altar of Ru.
    71 | D        | Found a shimmering blue altar of Sif Muna.
    74 | D        | Found a bloodstained altar of Trog.
   146 | D        | Reached XP level 2. HP: 19/19 MP: 5/5
   154 | D        | Entered arena 2.
   154 | D        | Noticed a crimson imp
   154 | D        | Noticed a crimson imp
   154 | D        | Found a transporter.
   155 | D        | Killed a crimson imp
   156 | D        | Reached skill level 6 in Necromancy
   156 | D        | Gained mutation: You are afflicted with vampirism and can
                  | become a bat while bloodless. [Vampire growth]
   156 | D        | Reached XP level 3. HP: 24/24 MP: 6/6
   160 | D        | Reached skill level 7 in Necromancy
   160 | D        | Reached XP level 4. HP: 30/30 MP: 7/7
   168 | D        | Entered arena 3.
   168 | D        | Noticed a golden eye
   168 | D        | Found a transporter.
   170 | D        | Killed a golden eye
   171 | D        | Reached skill level 10 in Necromancy
   171 | D        | Reached XP level 5. HP: 36/36 MP: 7/9
   173 | D        | Reached skill level 1 in Evocations
   193 | D        | Entered arena 4.
   193 | D        | Noticed a yak
   193 | D        | Found a transporter.
   200 | D        | Killed a yak
   201 | D        | Reached skill level 1 in Fighting
   201 | D        | Reached skill level 5 in Stealth
   201 | D        | Reached skill level 11 in Necromancy
   201 | D        | Reached XP level 6. HP: 43/43 MP: 9/11
   202 | D        | Reached skill level 12 in Necromancy
   207 | D        | Got the Volume of the Supportive Compass
   209 | D        | Got the Collected Works on Lethal Heat
   230 | D        | Entered arena 5.
   230 | D        | Found a transporter.
   240 | D        | Reached skill level 1 in Shields
   275 | D        | Entered arena 6.
   275 | D        | Noticed a jumping spider
   275 | D        | Noticed a tarantella
   275 | D        | Noticed a tarantella
   275 | D        | Noticed a jumping spider
   275 | D        | Found a transporter.
   286 | D        | Mangled by a tarantella

Illustrated notes

Levels and vault maps discovered:
D:        sprint_v [room_start, room_1, room_2, room_3, room_4, room_5, room_6,
          room_7, room_8, room_9, room_10, room_11, room_12, room_13, room_14,
          room_15, room_16, room_17, room_18, room_19, room_20, room_21,
          room_22, room_23, room_24, room_25, room_26, room_27]

Skill      XL: |  1  2  3  4  5  6 |
---------------+-------------------+-----
Polearms       | 6 7 |  7.2
Necromancy     | 6 7 10 11 12 | 12.2
Dodging        | 3 4 |  4.5
Stealth        | 4 5 |  5.6
Spellcasting   | 3 |  3.7
Evocations     | 1 |  1.8
Fighting       | 1 |  1.0
Shields        | 1 |  1.0

Action                   |  1- 3 |  4- 6 || total
-------------------------+-------+-------++-------
Melee: Demon trident     |     3 |     8 ||    11
       Spear             |       |     4 ||     4
 Abil: Exsanguinate      |       |     1 ||     1
Evoke: Wand              |     1 |     3 ||     4
       Lightning rod     |       |     1 ||     1
       Box of beasts     |       |     2 ||     2
  Use: Potion            |     1 |       ||     1
       Scroll            |       |     1 ||     1
Armor: Shadow dragon sca |     1 |    12 ||    13
Dodge: Dodged            |       |     5 ||     5
Block: Kite shield       |     3 |    29 ||    32

Table legend: (Time is in decaauts)
 A = Elapsed time spent in this place.
 B = Non-inter-level travel time spent in this place.
 C = Inter-level travel time spent in this place.
 D = Time resting spent in this place.
 E = Time spent auto-exploring this place.
 F = Levels seen in this place.
 G = Mean time per level.
                   A        B        C        D        E       F      G
               +--------+--------+--------+--------+--------+-----+--------+
         Total |    285 |    285 |      0 |      0 |      0 |   1 |  285.0 |
       Dungeon |    285 |    285 |      0 |      0 |      0 |   1 |  285.0 |
               +--------+--------+--------+--------+--------+-----+--------+

Top non-repeatable levels by time:
       D: 285 daAuts
